 Dungeon Crawl Stone Soup version 0.18.1-50-g88ac8fd (webtiles) character file.

635 loralnil the Skirmisher (level 7, 0/44 HPs)
             Began as a Gargoyle Monk on Sept 15, 2016.
             Slain by go0n's ghost (3 damage)
             ... on level 4 of the Dungeon.
             The game lasted 00:16:15 (4774 turns).

loralnil the Skirmisher (Gargoyle Monk)             Turns: 4774, Time: 00:16:16

Health: 0/44       AC: 17    Str: 17    XL:     7   Next: 50%
Magic:  7/7        EV: 11    Int: 10    God:
Gold:   224        SH:  0    Dex: 12    Spells: 1 memorised, 5 levels left

rFire  + . .     SeeInvis .     r - +0 long sword
rCold  . . .     Gourm    .     A - +1 scale mail {rF+}
rNeg   + . .     Faith    .     (no shield)
rPois  ∞         Spirit   .     B - +1 helmet
rElec  +         Dismiss  .     u - +0 cloak
rCorr  .         Reflect  .     h - +0 pair of gloves
SustAt .         Harm     .     (no boots)
MR     .....                    (no amulet)
Stlth  +.........               (no ring)
                                (no ring)

@: not resistant to hostile enchantments, very unstealthy
A: negative energy resistance 1, electricity resistance, unbreathing,
petrification resistance, rot immunity, AC +4
a: no special abilities


You were on level 4 of the Dungeon.
You were not hungry.

You visited 1 branch of the dungeon, and saw 5 of its levels.
You also visited: Ossuary.

You collected 224 gold pieces.

Inventory:

Hand Weapons
 m - a +2 short sword of venom
 o - a +1 short sword of flaming
 r - a +0 long sword (weapon)
Armour
 h - a +0 pair of gloves (worn)
 u - a +0 cloak (worn)
 A - a +1 scale mail of fire resistance (worn)
 B - a +1 helmet (worn)
Scrolls
 a - a scroll of teleportation {unknown}
 c - 4 scrolls of remove curse
 d - a scroll of immolation {unknown}
 e - 2 scrolls of magic mapping {unknown}
 g - a scroll of fog {unknown}
 j - a scroll of recharging {unknown}
 p - 2 scrolls of enchant armour {unknown}
 q - a scroll of fear {unknown}
 s - a scroll of enchant weapon {unknown}
 y - a scroll of amnesia {unknown}
 C - 2 scrolls of acquirement {unknown}
 I - a scroll of identify
Potions
 b - a potion of magic
 f - a potion of agility
 i - 4 potions of curing
 n - a potion of brilliance
 t - 2 potions of lignification
 v - 2 potions of ambrosia
 w - a potion of beneficial mutation {unknown}
 z - 2 potions of haste
 D - 2 potions of resistance {unknown}
 H - a potion of invisibility {unknown}
Books
 F - a book of Conjurations

   Spells                             Type                      Level
   a - Magic Dart                     Conjuration                  1
   b - Searing Ray                    Conjuration                  2
   c - Dazzling Spray                 Conjuration/Hexes            3
   d - Fulminant Prism                Conjuration/Hexes            4
   e - Iskenderun's Mystic Blast      Conjuration                  4
   f - Iskenderun's Battlesphere      Conjuration/Charms           5
Comestibles
 l - 3 meat rations
 x - a royal jelly
 E - a slice of pizza
 G - a beef jerky


   Skills:
 + Level 5.1 Fighting
 - Level 0.5(1.6) Short Blades
 + Level 2.5 Long Blades
 + Level 3.1 Armour
 + Level 4.7 Dodging
 + Level 2.6 Stealth
 - Level 4.2 Unarmed Combat


You had 5 spell levels left.
You knew the following spells:

 Your Spells              Type           Power        Failure   Level  Hunger
a - Magic Dart            Conj           #...         95%         1    ##.....


Dungeon Overview and Level Annotations

Branches:
Dungeon (5/15)             Temple (0/1) D:4

Altars:
Cheibriados
Makhleb
Okawaru
Trog

Annotations:
D:4 go0n's ghost, amateur TrBe


Innate Abilities, Weirdness & Mutations

You are resistant to torment.
Your stone body is resilient (AC +4).
You are immune to poison.
You resist negative energy.
You are resistant to electric shocks.
You can survive without breathing.
You are immune to petrification.
You are immune to rotting.


Message History

Go0n's ghost is moderately damaged.
Go0n's ghost hits you but does no damage. x2
You slash go0n's ghost!
Go0n's ghost is heavily damaged.
Go0n's ghost hits you.
You closely miss go0n's ghost.
Go0n's ghost is heavily damaged.
Go0n's ghost hits you but does no damage.
You slash go0n's ghost! You punch go0n's ghost.
Go0n's ghost is severely damaged.
Go0n's ghost hits you but does no damage.
You hit go0n's ghost but do no damage.
Go0n's ghost is severely damaged.
Go0n's ghost hits you!
* * * LOW HITPOINT WARNING * * *
Go0n's ghost barely misses you.
You hit go0n's ghost. You punch go0n's ghost.
Go0n's ghost is severely damaged.
Go0n's ghost hits you.
You die...

...#.......#########.....#
...#.......# #.....# ...#.......#
#.....####### ...'.......#
#.....#.....## +###.......#
#+####.....#......# ........####
##...#......#......# #.......#
#..>.#......#.....## #.......#
#....#......#.....## #.......#
#..@.'?.....#.....## #.......#
#..W.#......#....... #.......####
##...#......#.......
........#....##...#%.....#.......
#.......#.........#......#.....##
#.......#....##...#......#.....##
#.......#....##...#.?....#.......
#.......#.........#......#.....##
#......W#.........#......#.....##


You could see go0n's ghost.

Vanquished Creatures
  An ogre (D:4)
  2 elf zombies (Ossuary)
  2 centaur zombies (Ossuary)
  A worker ant (D:4)
  An iguana (D:4)
  2 big kobold zombies (Ossuary)
  A hound skeleton (D:4)
  2 mummies (Ossuary)
  Robin (D:4)
  7 gnolls (D:3)
  2 adders
  An adder zombie (Ossuary)
  2 worms (D:2)
  5 dart slugs
  4 giant geckos
  An orc (D:3)
  A ball python (D:2)
  9 bats
  A giant cockroach (D:1)
  16 goblins
  13 hobgoblins
  A jackal (D:4)
  5 kobolds
  7 giant newts
  8 hobgoblin zombies (Ossuary)
  2 jackal zombies (Ossuary)
  11 kobold zombies (Ossuary)
  8 orc zombies (Ossuary)
  9 rats
126 creatures vanquished.

Vanquished Creatures (others)
  A bat (D:1)
1 creature vanquished.

Grand Total: 127 creatures vanquished

Notes
Turn   | Place    | Note
--------------------------------------------------------------
     0 | D:1      | loralnil the Gargoyle Monk began the quest for the Orb.
     0 | D:1      | Reached XP level 1. HP: 14/14 MP: 1/1
    84 | D:1      | Reached XP level 2. HP: 13/19 MP: 2/2
   635 | D:1      | Reached XP level 3. HP: 15/23 MP: 3/3
  1486 | D:2      | Reached XP level 4. HP: 24/29 MP: 4/4
  1549 | D:2      | Found a bloodstained altar of Trog.
  2098 | D:3      | Reached XP level 5. HP: 13/33 MP: 5/5
  2106 | D:3      | Reached skill level 1 in Armour
  2572 | D:3      | Reached skill level 1 in Long Blades
  2626 | D:3      | Reached skill level 4 in Fighting
  2802 | D:4      | Noticed Robin
  2839 | D:4      | Found a staircase to the Ecumenical Temple.
  2879 | D:4      | Found a sand-covered staircase.
  2918 | D:4      | Killed Robin
  2947 | Ossuary  | Entered an ossuary
  3112 | Ossuary  | Reached XP level 6. HP: 38/38 MP: 6/6
  3450 | Ossuary  | Reached XP level 7. HP: 6/44 MP: 7/7
  3878 | D:4      | Found a burning altar of Makhleb.
  3884 | D:4      | Found a snail-covered altar of Cheibriados.
  4209 | D:4      | Reached skill level 5 in Fighting
  4213 | D:4      | Learned a level 1 spell: Magic Dart
  4227 | D:4      | Found an iron altar of Okawaru.
  4394 | D:4      | Noticed go0n's ghost (amateur TrBe)
  4475 | D:5      | Entered Level 5 of the Dungeon
  4774 | D:4      | Slain by go0n's ghost

Skill      XL: |  1  2  3  4  5  6  7 |
---------------+----------------------+-----
Dodging        | 3 4 |  4.7
Armour         | 1 2 3 |  3.1
Long Blades    | 1 2 |  2.5
Fighting       | 4 5 |  5.1
Short Blades   | |  0.5
Stealth        | |  2.6
Unarmed Combat | |  4.2

Action                   |  1- 3 |  4- 6 |  7- 9 || total
-------------------------+-------+-------+-------++-------
Melee: Unarmed           |    40 |       |       ||    40
       Dagger            |   119 |       |       ||   119
       Punch             |     2 |     5 |     5 ||    12
       Long sword        |    20 |   254 |    67 ||   341
       Short sword       |       |   141 |     2 ||   143
  Use: Scroll            |       |     1 |     5 ||     6
       Potion            |       |       |     1 ||     1
 Stab: Sleeping          |     3 |       |       ||     3
  Eat: Chunk             |     2 |     5 |       ||     7
       Bread ration      |       |     1 |       ||     1
       Fruit             |       |       |     4 ||     4
Armor: Robe              |    78 |       |       ||    78
       Ring mail         |    11 |       |       ||    11
       Scale mail        |    10 |   316 |    28 ||   354
Dodge: Dodged            |   157 |   336 |    35 ||   528
